 Dungeon Crawl Stone Soup version 0.19-a0-1260-gc94d3f7 (webtiles) character file.

84 truemonolith the Sneak (level 4, 0/22 HPs)
             Began as a Spriggan Assassin on Aug 28, 2016.
             Slain by a gnoll
             ... wielding a +0 halberd
              (7 damage)
             ... on level 2 of the Dungeon.
             The game lasted 00:05:15 (2082 turns).

truemonolith the Sneak (Spriggan Assassin)          Turns: 2082, Time: 00:05:16

Health: 0/22       AC:  3    Str:  7    XL:     4   Next: 23%
Magic:  5/5        EV: 17    Int: 12    God:
Gold:   125        SH:  0    Dex: 18    Spells: 0 memorised, 3 levels left

rFire  . . .     SeeInvis +     a - +2 dagger
rCold  . . .     Gourm    .     c - +0 robe
rNeg   . . .     Faith    .     (shield restricted)
rPois  .         Spirit   .     (helmet restricted)
rElec  .         Dismiss  .     d - +0 cloak
rCorr  .         Reflect  .     (gloves unavailable)
MR     .....     Harm     .     (boots unavailable)
Stlth  ++++......               (no amulet)
                                (no ring)
                                (no ring)

@: very quick
A: unfitting armour, see invisible, herbivore 3, speed 3, slow metabolism 2
a: no special abilities


You were on level 2 of the Dungeon.
You were not hungry.

You visited 1 branch of the dungeon, and saw 2 of its levels.

You collected 125 gold pieces.

Inventory:

Hand Weapons
 a - a +2 dagger (weapon)
 b - a +0 blowgun
Missiles
 e - 5 poisoned needles
 f - 2 curare-tipped needles
Armour
 c - a +0 robe (worn)
 d - a +0 cloak (worn)
Scrolls
 i - a scroll of remove curse {unknown}
 j - 2 scrolls of fear {unknown}
 k - 2 scrolls of identify {unknown}
 l - a scroll of blinking {unknown}
 m - a scroll of enchant armour {unknown}
 o - a scroll of magic mapping {unknown}
 p - a scroll of amnesia {unknown}
 q - a scroll of immolation {unknown}
Potions
 h - a potion of beneficial mutation {unknown}
 n - a potion of magic {unknown}
 s - a potion of resistance {unknown}
Comestibles
 g - 3 bread rations
 r - 2 fruits


   Skills:
 - Level 1.5 Fighting
 + Level 5.0 Short Blades
 - Level 2.0 Throwing
 - Level 1.5 Dodging
 - Level 5.8 Stealth


You had 3 spell levels left.
You didn't know any spells.

Dungeon Overview and Level Annotations

Branches:
Dungeon (2/15)

Altars:


Innate Abilities, Weirdness & Mutations

You are tiny and cannot use many weapons and most armour.
You have supernaturally acute eyesight. (SInv)
You are a herbivore.
You cover ground extremely quickly.
You need consume almost no food.


Message History

Your Short Blades skill increases to level 5!
You see here a whip.
You closely miss the gnoll.
The gnoll shouts!
The gnoll completely misses you.
You hit the gnoll.
The gnoll is lightly wounded.
You hit the gnoll but do no damage.
The gnoll is lightly wounded.
The gnoll barely misses you.
You hit the gnoll but do no damage.
The gnoll is lightly wounded.
The gnoll hits you with a halberd!
Ouch! That really hurt!
You hit the gnoll.
The gnoll is moderately wounded.
You hit the gnoll.
The gnoll is heavily wounded.
The gnoll hits you with a halberd!
You die...

###..##.≈..§..≈..≈..≈.#
..#.###≈8≈§..≈8b§§§§8≈#
#...# #.≈..≈..≈§§≈..≈.#
#..## ##..≈8≈.(.≈8§..##
#..## ###.≈.(≈..≈§.##
.)..#### ##.§§8≈..#.#
.##.(..## ###§≈.###.#
######..#####.####..# #
##...##....@g.## #
###....####### ####)#
#.## #.%# ###.#
###########..)#
............######
#####..#.........#


You could see a gnoll.

Vanquished Creatures
  3 gnolls (D:2)
  An adder (D:2)
  A dart slug (D:2)
  A worm (D:1)
  2 giant geckos (D:1)
  2 ball pythons
  4 giant cockroaches
  7 goblins
  5 hobgoblins
  2 kobolds (D:1)
  4 bats
  2 giant newts (D:1)
  5 rats
39 creatures vanquished.

Notes
Turn   | Place    | Note
-------+----------+-------------------------------------------
     0 | D:1      | truemonolith the Spriggan Assassin began the quest for the Orb.
     0 | D:1      | Reached XP level 1. HP: 10/10 MP: 2/2
   151 | D:1      | Reached XP level 2. HP: 13/14 MP: 3/3
   504 | D:1      | Reached XP level 3. HP: 12/18 MP: 4/4
  2045 | D:2      | Reached XP level 4. HP: 22/22 MP: 5/5
  2070 | D:2      | Reached skill level 5 in Short Blades
  2082 | D:2      | Slain by a gnoll

Vault maps used:
D:1:      evilmike_arrival_run_for_it, serial_bayou, serial_bayou_pond_c,
          serial_bayou_pond_b, serial_bayou_ford_a, serial_bayou_lake_a
D:2:      kennysheep_doodads

Skill      XL: |  1  2  3  4 |
---------------+-------------+-----
Short Blades   | 3 4 5 |  5.0
Fighting       | |  1.5
Throwing       | |  2.0
Dodging        | |  1.5
Stealth        | |  5.8

Action                   |  1- 3 |  4- 6 || total
-------------------------+-------+-------++-------
Melee: Dagger            |   127 |    10 ||   137
 Fire: Blowgun           |     7 |       ||     7
 Stab: Sleeping          |    11 |       ||    11
Armor: Robe              |    23 |     1 ||    24
Dodge: Dodged            |   120 |     4 ||   124
